 Dungeon Crawl Stone Soup version 0.17.0-24-gcfadda4 (webtiles) character file.

236 Jaden271 the Gusty (level 5, -2/39 HPs)
             Began as a Draconian Air Elementalist on Nov 15, 2015.
             Killed by nerve-wracking pain
             ... invoked by Grinder
              (9 damage)
             ... on level 3 of the Dungeon.
             The game lasted 00:27:12 (3222 turns).

Jaden271 the Gusty (Draconian Air Elementalist)     Turns: 3222, Time: 00:27:12

Health: -2/39      AC:  6    Str: 10    XL:     5   Next: 77%
Magic:  4/9        EV: 13    Int: 17    God:
Gold:   102        SH:  0    Dex: 11    Spells: 2 memorised, 7 levels left

rFire  . . .     SeeInvis .     u - staff of air
rCold  . . .     Clarity  .     (armour unavailable)
rNeg   . . .     SustAt   .     (no shield)
rPois  .         Gourm    .     (helmet restricted)
rElec  +         Spirit   .     t - +0 cloak
rCorr  .         Warding  .     (no gloves)
rMut   .         Stasis   .     (no boots)
MR     .....                    (no amulet)
Stlth  ++........               (no ring)
                                (no ring)

@: very slightly contaminated, repel missiles, not resistant to hostile
enchantments, unstealthy
A: unfitting armour, cold-blooded, AC +5
a: no special abilities


You were on level 3 of the Dungeon.
You were not hungry.

You visited 1 branch of the dungeon, and saw 3 of its levels.

You collected 102 gold pieces.

Inventory:

Hand Weapons
 i - a +1 short sword of flaming
 p - a +0 hand axe of chopping
Missiles
 g - 3 silver tomahawks (quivered)
Armour
 k - a +0 robe
 t - a +0 cloak (worn)
Magical Staves
 u - an uncursed staff of air (weapon)
Scrolls
 d - a scroll of amnesia
 l - 2 scrolls of remove curse
Potions
 h - 2 potions of might
 m - 2 potions of haste {unknown}
 n - a potion of ambrosia {unknown}
Books
 a - a book of Air

   Spells                             Type                      Level
   a - Shock                          Conjuration/Air              1
   b - Swiftness                      Charms/Air                   2
   c - Repel Missiles                 Charms/Air                   2
   d - Static Discharge               Conjuration/Air              3
   e - Lightning Bolt                 Conjuration/Air              5
Comestibles
 b - 2 bread rations
 f - 2 meat rations
 j - a slice of pizza
 q - 4 chunks of flesh
 r - 2 inedible chunks of flesh


   Skills:
 + Level 0.9 Fighting
 + Level 3.7 Dodging
 + Level 2.5 Stealth
 + Level 3.2 Spellcasting
 + Level 1.0 Conjurations
 + Level 0.1 Charms
 + Level 3.9 Air Magic


You had 7 spell levels left.
You knew the following spells:

 Your Spells              Type           Power        Failure   Level  Hunger
a - Shock                 Conj/Air       ###.         10%         1    None
b - Repel Missiles        Chrm/Air       ##....       14%         2    ##.....


Dungeon Overview and Level Annotations

Branches:
Dungeon (3/15)

Altars:

Annotations:
D:3 Grinder


Innate Abilities, Weirdness & Mutations

Your plain brown scales are hard (AC +5).
Your body does not fit into most forms of armour.
You are cold-blooded and may be slowed by cold attacks.


Message History

Grinder is lightly wounded.
Grinder gestures at you.
You suddenly lose the ability to move!
Grinder hits you.
You writhe in agony.
Grinder hits you!
You writhe in agony.
Grinder hits you!
You writhe in agony.
Grinder hits you but does no damage. Grinder gestures at you.
Pain shoots through your body!
* * * LOW HITPOINT WARNING * * *
You can move again.
Read which item? (? for menu, Esc to quit)
As you read the scroll of fear, it crumbles to dust.
You assume a fearsome visage.
Grinder is unaffected.
Grinder hits you but does no damage.
Drink which item? (? for menu, Esc to quit)
It was a potion of cure mutation.
It has a very clean taste.
Grinder gestures at you. Pain shoots through your body!
You die...

#....#.#.# #.....#
#....#...###..........
###.....................
#.'.........#...........
#.#....####.#...........
#.#....# #.#...........
#.#....# #.#...........
#.#....# #.#...5.......
#.....## #.....@.......
#####.#######...........
...................)....
.####.#######...........
#.. #........... ...
#........... ####.
..#####+#### . #### ..


You could see Grinder.

Vanquished Creatures
  Sigmund (D:2)
  2 adders (D:2)
  A worm (D:3)
  3 giant geckos
  3 orcs (D:2)
  3 giant cockroaches (D:1)
  7 goblins
  5 hobgoblins
  10 jackals
  2 quokkas (D:2)
  A bat (D:2)
  13 giant newts
  2 kobolds
  A rat (D:2)
54 creatures vanquished.

Notes
Turn   | Place    | Note
--------------------------------------------------------------
     0 | D:1      | Jaden271 the Draconian Air Elementalist began the quest for the Orb.
     0 | D:1      | Reached XP level 1. HP: 14/14 MP: 3/3
   415 | D:1      | Reached XP level 2. HP: 8/20 MP: 0/5
  1019 | D:1      | Learned a level 2 spell: Repel Missiles
  1167 | D:2      | Reached XP level 3. HP: 15/26 MP: 0/6
  2033 | D:2      | Noticed Sigmund
  2079 | D:2      | Killed Sigmund
  2079 | D:2      | Reached XP level 4. HP: 2/34 MP: 5/8
  2079 | D:2      | Reached XP level 5. HP: 2/39 MP: 5/9
  2567 | D:2      | Found a faded altar to an unknown god.
  3212 | D:3      | Noticed Grinder
  3215 | D:3      | Paralysed by Grinder for 6 turns
  3222 | D:3      | Killed from afar by Grinder

Action                   |  1- 3 |  4- 6 || total
-------------------------+-------+-------++-------
Melee: Unarmed           |     2 |       ||     2
       Short sword       |    15 |    10 ||    25
Throw: Tomahawk          |    43 |       ||    43
 Cast: Shock             |    66 |    34 ||   100
       Repel Missiles    |     1 |       ||     1
  Use: Scroll            |     4 |     5 ||     9
       Potion            |     3 |     1 ||     4
  Eat: Chunk             |     4 |     4 ||     8
